Zazza, neutral female human Tourist ---------- |.....<..| --------------------------------- |.........######|...............................| |........| #|.------------.....------------ | |........| #|.|(..|...| |.....+ | -........-######|.|...|...| |.....|..| ---------- #..|...|...| |........ #|.|...|...|+--.....----+---- -- | |.--|--|.--.....................| |.............{......{..........| |.--|--|---....-.|---...........| |.|+..|...|---.|.@.@| ---- ---- | |.|...|...| |.|@fd.| |.|...|...| +.|..dd| |.|(..|...| |.|..f.| |.------------.------ --------- | |...............................| --------------------------------- Zazza the Excursionist Experience level: 6 Strength: 11 Dexterity: 13 Constitution: 16 Intelligence: 11 Wisdom: 9 Charisma: 18 Health: 0(59) Energy: 20(20) Def: 13 Gold: 0 Moves: 5882 Dungeon seed: tqbq1qRqK4-bWGXt Game ID: Zazza_1619425226 Your Inventory: Weapons a - 29 +2 darts t - a blessed +1 orcish dagger named bim (weapon in hand) Q - a +0 dart Armor e - an uncursed +0 Hawaiian shirt (being worn) i - an uncursed +0 cloak of protection (being worn) r - an uncursed +0 mummy wrapping u - an uncursed +0 dwarvish mithril-coat (being worn) y - an uncursed +2 orcish helm (being worn) A - a cursed +0 pair of gauntlets of dexterity (being worn) Wands w - a wand of cancellation (0:4) C - a wand of undead turning (0:6) P - a wand of striking (0:2) T - a cursed wand of sleep (0:0) Tools j - an expensive camera (0:41) k - an uncursed credit card s - a cursed magic whistle z - an uncursed bag of holding Z - an uncursed towel Gems q - an uncursed luckstone Y - an uncursed flint stone Contents of the bag of holding: 1147 gold pieces 2 uncursed apples an uncursed egg 3 cursed eggs 3 uncursed food rations 3 cursed food rations an uncursed lembas wafer an uncursed orange 2 cursed slime molds a cursed scroll of fire an uncursed scroll of identify 2 uncursed scrolls of teleportation a cursed potion of booze an uncursed potion of confusion an uncursed potion of gain energy an uncursed potion of monster detection an uncursed potion of sleeping an uncursed ring of invisibility a cursed magic marker (0:54) a +0 pick-axe a cursed stethoscope 4 uncursed tallow candles (0:200) Spells and supernatural/magical abilities: Name Level Category Fail Memory W - pray for help -- divine ? -- Your skills at the end: Fighting Skills Weapon Skills dagger [Skilled] dart [Basic] Spellcasting Skills Final Attributes: You were piously aligned. You were protected. You were lucky. You had extra luck. Bad luck did not time out for you. Good luck did not time out for you. The Lady was angry with you. You are dead. Vanquished creatures: a ghost a winter wolf a small mimic a wolf a gnome king a werewolf a gnome mummy a bugbear a rock piercer a yellow light a shrieker 5 gnome lords 4 gnomish wizards a little dog 8 dwarves a homunculus 2 kobold lords 2 hill orcs a werejackal an iguana a coyote 3 gas spores 5 hobbits 4 giant rats 3 cave spiders a yellow mold a green mold a red mold 23 gnomes a gnome zombie 6 geckos 3 jackals 2 foxes 3 kobolds 11 goblins 2 sewer rats 17 grid bugs 3 bats 3 lichens 2 kobold zombies 8 newts 139 creatures vanquished. Voluntary challenges: You had followed a strict vegan diet until turn 2475. You had followed a strict vegetarian diet until turn 2475. You used a wielded weapon 100 times, starting on turn 909. You read items or engraved 40 times, starting on turn 159. You never genocided any monsters. You never polymorphed an object. You never changed form. You used no wishes. You never split a pudding. You wrote Elbereth's name 23 times, starting on turn 1563. You violated your moral code, losing 1 point of alignment, starting on turn 5860. Dungeon overview: The Dungeons of Doom: levels 1 to 5 Level 1 some fountains a long staircase Level 2 a scroll shop, an altar to Blind Io Level 3 an altar to Blind Io stairs to The Gnomish Mines Level 4 a general store, a fountain Level 5 The Gnomish Mines: levels 4 to 7 Level 4 stairs to The Dungeons of Doom Level 5 Level 6 Level 7 <- You were here some shops, a temple to Offler, some fountains History has recorded: On T:1 you entered the Dungeons of Doom to retrieve the Amulet of Yendor! On T:397 you reached level 2 of The Dungeons of Doom. On T:890 you reached level 3 of The Dungeons of Doom. On T:1308 you reached level 4 of The Dungeons of Doom. On T:2419 you reached level 5 of The Dungeons of Doom. On T:3393 you reached level 1 of The Gnomish Mines. On T:4429 you reached level 2 of The Gnomish Mines. On T:4675 you reached level 3 of The Gnomish Mines. On T:4750 you reached level 4 of The Gnomish Mines. On T:4845 you advanced to experience level 2. On T:5053 you advanced to experience level 3. On T:5077 you advanced to experience level 4. On T:5209 you advanced to experience level 5. On T:5829 you advanced to experience level 6. Score breakdown: Gold: 560 ( 9351 points) Experience: 6 levels (12456 points) Exploration: 7 levels ( 14.29%) (10606 points) Discoveries: 22 items ( 7.38%) ( 8151 points) Valuables value: (no points given unless you survive) Artifact value: 0 ( 0 points) Variety of kills: 41 monsters ( 10.76%) ( 9841 points) Turncount: 5882 turns (-1594 points) Survival: died (score multiplied by 80%) Total score: 39048 Latest messages: You read: "ElberethElbereth". You see no objects here. The winter wolf breathes frost! The blast of frost hits you! The blast of frost bounces! The blast of frost whizzes by you! The blast of frost hits the winter wolf. The dart hits the winter wolf. The dart misses the watch captain. The dart hits the watch captain! The dart misses the winter wolf. The dart hits the winter wolf. The winter wolf breathes frost! The blast of frost hits you! You die... Final status: Aloha Zazza the Tourist, killed by a blast of frost... You died in The Gnomish Mines on dungeon level 7 with 39048 points, and 1147 pieces of gold, after 5882 moves. You were level 6 with a maximum of 59 hit points when you died.